 Dungeon Crawl Stone Soup version 0.22-a0-567-gff9aefc (webtiles) character file.

39 inc the Vexing (level 3, 0/17 HPs)
             Began as a Felid Enchanter on June 29, 2018.
             Shot with a sling bullet by a goblin (8 damage)
             ... on level 2 of the Dungeon.
             The game lasted 00:02:32 (1490 turns).

inc the Vexing (Felid Enchanter)                    Turns: 1490, Time: 00:02:32

Health: 0/17       AC:  1    Str:  4    XL:     3   Next: 28%
Magic:  3/7        EV: 18    Int: 17    God:
Gold:   74         SH:  0    Dex: 16    Spells: 2/6 levels left
                                        Lives:  0   Deaths: 0

rFire    . . .     SeeInvis +     - Unarmed
rCold    . . .     Gourm    .   (shield unavailable)
rNeg     . . .     Faith    .   (armour unavailable)
rPois    .         Spirit   .   (helmet unavailable)
rElec    .         Reflect  .   (cloak unavailable)
rCorr    .         Harm     .   (gloves unavailable)
MR       .....                  (boots unavailable)
Stlth    ++++......             f - amulet of rage
HPRegen  0.05/turn              a - ring of stealth
MPRegen  0.10/turn              (no ring)

@: quick
A: very small, no armour, no weapons or thrown items, stealth, claws 1, fangs 3,
see invisible, carnivore, speed 1, shaggy fur 1, slow metabolism 1, sharp paws
a: Evoke Berserk Rage


You were on level 2 of the Dungeon.
You were not hungry.

You visited 1 branch of the dungeon, and saw 2 of its levels.

You collected 74 gold pieces.

Inventory:

Jewellery
 a - a ring of stealth (left paw)
 f - an amulet of rage (around neck)
 g - an uncursed amulet of harm {unknown}
Scrolls
 c - 2 scrolls of identify {unknown}
 d - a scroll of teleportation {unknown}
 e - a scroll of magic mapping {unknown}
 i - 3 scrolls of enchant armour {unknown}
Potions
 h - a potion of heal wounds {unknown}
Comestibles
 b - 2 rations


   Skills:
 + Level 3.0 Fighting
 - Level 2.6 Dodging
 - Level 4.0 Stealth
 - Level 1.0 Unarmed Combat
 - Level 2.0 Spellcasting
 - Level 4.4 Hexes


You had 2 spell levels left.
You knew the following spells:

 Your Spells              Type           Power        Failure   Level  Hunger
a - Corona                Hex            ###....      3%          1    #......
b - Ensorcelled Hibernat  Hex/Ice        #.....       12%         2    ###....
c - Confusing Touch       Hex            ###...       3%          1    #......

Your spell library contained the following spells:

 Spells                   Type           Power        Failure   Level  Hunger
 Confuse                  Hex            ###.....     10%         3    ###....
 Tukima's Dance           Hex            ###.....     10%         3    ###....
 Metabolic Englaciation   Hex/Ice        #.........   91%         5    ######.
 Petrify                  Tmut/Erth      #.......     88%         4    #####..
 Dazzling Spray           Conj/Hex       #.....       24%         3    ###....
 Gell's Gravitas          Tloc           #.........   50%         3    ###....
 Yara's Violent Unravell  Hex/Tmut       #.........   91%         5    ######.


Dungeon Overview and Level Annotations

Branches:
Dungeon (2/15)

Altars:


Innate Abilities, Weirdness & Mutations

You cannot wear armour.
You are incapable of wielding weapons or throwing items.
Your paws allow you to move quietly. (Stealth)
You have sharp claws.
You have razor-sharp teeth.
You have supernaturally acute eyesight. (SInv)
You are carnivorous and can eat meat at any time.
You cover ground quickly.
You are covered in fur. (AC +1)
You have a slow metabolism.
Your sharp claws are effective at attacking unaware monsters.


Message History

Casting: Ensorcelled Hibernation (safe; 12% risk of failure)
Confirm with . or Enter, or press ? or * to list all spells.
Aiming: Ensorcelled Hibernation (safe; 12% risk of failure)
Press: ? - help, Shift-Dir - straight line, f - hobgoblin
Aim: a hobgoblin, wielding a club (hasn't noticed you, chance to defeat MR: 58%)
The hobgoblin resists with significant effort.
The goblin shouts!
The goblin wields a hunting sling.
The goblin shoots a sling bullet.
The sling bullet hits you.
You are too injured to fight recklessly!
You are too injured to fight recklessly!
You are too injured to fight recklessly!
Casting: Ensorcelled Hibernation (safe; 12% risk of failure)
Confirm with . or Enter, or press ? or * to list all spells.
Aiming: Ensorcelled Hibernation (safe; 12% risk of failure)
Press: ? - help, Shift-Dir - straight line, f/p - hobgoblin
Aim: a hobgoblin, wielding a club (chance to defeat MR: 58%)
The hobgoblin resists with significant effort.
The goblin shoots a sling bullet.
The sling bullet hits you!
You die...

#..! ###....#.####.....##....#.
#....##...###..#.......######.$.
#.......##....##....##..# #...
#$...#..#..#### ..###...# #.#.
#............###..# #...# ...##
.?..########..#...#.... ....###
... ####........... .### #.
#....!.......# # #......@>?...#
#....%.......# #............#
#........g..$.. ..............##
#....g..........
###............. #.............


You could see a hobgoblin and a goblin.

Vanquished Creatures
  2 adders (D:2)
  A worm (D:2)
  A ball python (D:1)
  A bat (D:1)
  2 goblins (D:2)
  4 hobgoblins (D:2)
  2 kobolds
  A frilled lizard (D:1)
  6 rats
20 creatures vanquished.

Notes
Turn   | Place    | Note
-------+----------+-------------------------------------------
     0 | D:1      | inc the Felid Enchanter began the quest for the Orb.
     0 | D:1      | Reached XP level 1. HP: 7/7 MP: 4/4
   314 | D:1      | Reached skill level 1 in Fighting
   570 | D:2      | Reached XP level 2. HP: 13/13 MP: 6/6
   910 | D:2      | Learned a level 2 spell: Ensorcelled Hibernation
   912 | D:2      | Learned a level 1 spell: Confusing Touch
  1141 | D:2      | Reached XP level 3. HP: 16/16 MP: 4/7
  1490 | D:2      | Shot with a sling bullet by a goblin

Vault maps used:
D:1:      dpeg_arrival_three_same_balls

Skill      XL: |  1  2  3 |
---------------+----------+-----
Fighting       | 2 3 |  3.0
Dodging        | |  2.6
Stealth        | |  4.0
Unarmed Combat | |  1.0
Spellcasting   | |  2.0
Hexes          | |  4.4

Action                   || total
-------------------------++-------
Melee: Unarmed           ||    72
       Bite              ||    10
 Cast: Corona            ||     1
       Ensorcelled Hiber ||     8
 Abil: Evoke Berserk Rag ||     1
 Stab: Sleeping          ||     9
  Eat: Chunk             ||     3
Armor: Skin              ||     1
Dodge: Dodged            ||    46

Table legend:
 A = Spawn XP
 B = Non-spawn XP
 C = Spawn XP percentage of total XP
 D = Spawn monster count
 E = Non-spawn monster count
 F = Spawn count percentage of total count
 G = Total turns spent on level
                    A         B        C        D         E        F      G
               +---------+---------+-------+---------+---------+-------+---------
         Total |       0 |      57 |   0.0 |       0 |      20 |   0.0 |  1490
               +---------+---------+-------+---------+---------+-------+---------
           D:1 |       0 |       9 |   0.0 |       0 |       6 |   0.0 |   803
           D:2 |       0 |      48 |   0.0 |       0 |      14 |   0.0 |   687
               +---------+---------+-------+---------+---------+-------+---------
